TOP OF THE 1ST |
Lakeland Pilots batting - Pitching for Pompano Beach Stingrays : RHP Ricky Acevedo
|
Pitching: RHP Ricky Acevedo
|
|
Batting: RHB Dave C Anderson
|
0-0: Ball 1-0: Called Strike 1-1: Called Strike 1-2: Ball 2-2: Ground out 6-3 (Groundball, 6MS, EV 66.9 MPH)
|
Batting: RHB Rusty Tillman
|
0-0: SINGLE (Line Drive, 8LS, EV 97.5 MPH)
|
Batting: SHB Mike D Young
|
Pickoff Throw to First - Error! E1 Rusty Tillman to second 0-0: Foul Ball, location: 2F 0-1: Fly out, F6 (Popup, 6MD, EV 70.6 MPH)
|
Batting: LHB Mike Laga
|
0-0: Ball 1-0: Swinging Strike 1-1: Foul Ball, location: 2F 1-2: Hit by Pitch
|
Batting: LHB Randy S Johnson
|
0-0: Foul Ball, location: 2F 0-1: Ball 1-1: Called Strike 1-2: Foul Ball, location: 2F 1-2: Foul Ball, location: 2F 1-2: Ball 2-2: Fly out, F8 (Flyball, 78D, EV 82.5 MPH)
|
Top of the 1st over - 0 runs, 1 hit, 1 error, 2 left on base; Lakeland 0 - Pompano Beach 0 |
BOTTOM OF THE 1ST |
Pompano Beach Stingrays batting - Pitching for Lakeland Pilots : RHP David Morris
|
Pitching: RHP David Morris
|
|
Batting: RHB Jorge Villalobos
|
0-0: Ball 1-0: Foul Ball, location: 2F 1-1: Foul Ball, location: 2F 1-2: Foul Ball, location: 2F 1-2: Ball 2-2: Ball 3-2: Base on Balls
|
Batting: SHB Gene Roof
|
0-0: Fly out, F8 (Flyball, 8RD, EV 101.9 MPH)
|
Batting: RHB Lance Junker
|
0-0: Ball 1-0: Ball 2-0: Swinging Strike 2-1: Foul Ball, location: 2F 2-2: Fly out, F6 (Popup, 6D, EV 74.4 MPH)
|
Batting: RHB Mark Strucher
|
0-0: Ball 1-0: Called Strike 1-1: Ball 2-1: Ball 3-1: Called Strike 3-2: Foul Ball, location: 7LSF, Error on foul ball, E7 3-2: Foul Ball, location: 2F 3-2: Ground out U3 (Groundball, 3S, EV 91.3 MPH)
|
Bottom of the 1st over - 0 runs, 0 hits, 1 error, 1 left on base; Lakeland 0 - Pompano Beach 0 |
TOP OF THE 2ND |
Lakeland Pilots batting - Pitching for Pompano Beach Stingrays : RHP Ricky Acevedo
|
Batting: LHB Larry Ray
|
0-0: Ball 1-0: Ball 2-0: Fly out, F8 (Line Drive, 78M, EV 93.8 MPH)
|
Batting: RHB Eugeniuo Cotes
|
0-0: Ground out 6-3 (Groundball, 6M, EV 105.6 MPH)
|
Batting: RHB Juan Espino
|
0-0: Ball 1-0: Swinging Strike 1-1: Fly out, F8 (Flyball, 8RXD, EV 100.0 MPH)
|
Top of the 2nd over - 0 runs, 0 hits, 0 errors, 0 left on base; Lakeland 0 - Pompano Beach 0 |
BOTTOM OF THE 2ND |
Pompano Beach Stingrays batting - Pitching for Lakeland Pilots : RHP David Morris
|
Batting: SHB Juan Molina
|
0-0: Ball 1-0: Ball 2-0: Ball 3-0: Base on Balls
|
Batting: LHB Steve Phillips
|
0-0: Foul Ball, location: 2F 0-1: Called Strike 0-2: Ball 1-2: Fielders Choice at 2nd, 6-4 (Groundball, 6, EV 86.3 MPH)
|
Batting: SHB Maury Ornest
|
0-0: Called Strike 0-1: Ball 1-1: DOUBLE (Flyball, 78D, EV 113.8 MPH) Steve Phillips to third
|
Batting: RHB William Waag
|
0-0: Ball 1-0: Ball 2-0: Called Strike 2-1: Ball 3-1: Swinging Strike 3-2: Foul Ball, location: 2F 3-2: Base on Balls
|
Batting: RHB Whitney Harry
|
0-0: Foul Ball, location: 2F 0-1: Ball 1-1: Ball 2-1: SINGLE (Groundball, 56D, EV 105.6 MPH) Steve Phillips scores Maury Ornest to third William Waag to second Runner from 3rd tries for Home, SAFE, throw by LF to home
|
Batting: RHB Jorge Villalobos
|
0-0: Foul Ball, location: 2F 0-1: Swinging Strike 0-2: Strikes out swinging
|
Batting: SHB Gene Roof
|
0-0: Ball 1-0: Fly out, F7 (Flyball, 78M, EV 89.4 MPH)
|
Bottom of the 2nd over - 2 runs, 2 hits, 0 errors, 2 left on base; Lakeland 0 - Pompano Beach 2 |
TOP OF THE 3RD |
Lakeland Pilots batting - Pitching for Pompano Beach Stingrays : RHP Ricky Acevedo
|
Batting: RHB Alex Sanchez
|
0-0: Fly out, F6 (Line Drive, 6, EV 68.1 MPH)
|
Batting: RHB Dave C Anderson
|
0-0: Ball 1-0: Ball 2-0: Fly out, F3 (Flyball, 34D, EV 75.6 MPH)
|
Batting: RHB Rusty Tillman
|
0-0: Ball 1-0: Called Strike 1-1: Fly out, F9 (Flyball, 9, EV 93.8 MPH)
|
Top of the 3rd over - 0 runs, 0 hits, 0 errors, 0 left on base; Lakeland 0 - Pompano Beach 2 |
BOTTOM OF THE 3RD |
Pompano Beach Stingrays batting - Pitching for Lakeland Pilots : RHP David Morris
|
Batting: RHB Lance Junker
|
0-0: Foul Ball, location: 2F 0-1: Ball 1-1: Ball 2-1: Ball 3-1: TRIPLE (Line Drive, 9LD, EV 102.5 MPH)
|
Batting: RHB Mark Strucher
|
0-0: Foul Ball, location: 2F 0-1: Fly out, F8 (Flyball, 78D, EV 104.4 MPH) Runner from 3rd tags up, SCORES, no throw by CF
|
Batting: SHB Juan Molina
|
0-0: Fly out, F7 (Flyball, 7, EV 87.5 MPH)
|
Batting: LHB Steve Phillips
|
0-0: Ball 1-0: Fly out, F4 (Popup, 34D, EV 50.0 MPH)
|
Bottom of the 3rd over - 1 run, 1 hit, 0 errors, 0 left on base; Lakeland 0 - Pompano Beach 3 |
TOP OF THE 4TH |
Lakeland Pilots batting - Pitching for Pompano Beach Stingrays : RHP Ricky Acevedo
|
Batting: SHB Mike D Young
|
0-0: Ball 1-0: Ball 2-0: Called Strike 2-1: Foul Ball, location: 2F 2-2: Ball 3-2: Fly out, F9 (Flyball, 9S, EV 87.5 MPH)
|
Batting: LHB Mike Laga
|
0-0: Swinging Strike 0-1: Swinging Strike 0-2: Fly out, F7 (Flyball, 7S, EV 83.1 MPH)
|
Batting: LHB Randy S Johnson
|
0-0: Ground out 4-3 (Groundball, 4, EV 92.5 MPH)
|
Top of the 4th over - 0 runs, 0 hits, 0 errors, 0 left on base; Lakeland 0 - Pompano Beach 3 |
BOTTOM OF THE 4TH |
Pompano Beach Stingrays batting - Pitching for Lakeland Pilots : RHP David Morris
|
Batting: SHB Maury Ornest
|
0-0: Called Strike 0-1: Ball 1-1: Ball 2-1: Foul Ball, location: 2F 2-2: Ball 3-2: Foul Ball, location: 2F 3-2: Foul Ball, location: 2F 3-2: Base on Balls
|
Batting: RHB William Waag
|
0-0: Ball Maury Ornest is caught stealing 2nd base 2-4 1-0: Called Strike 1-1: Ball 2-1: Fly out, F7 (Flyball, 7S, EV 71.9 MPH)
|
Batting: RHB Whitney Harry
|
0-0: Foul Ball, location: 2F 0-1: Ball 1-1: Fly out, F8 (Flyball, 8RM, EV 86.9 MPH)
|
Bottom of the 4th over - 0 runs, 0 hits, 0 errors, 0 left on base; Lakeland 0 - Pompano Beach 3 |
TOP OF THE 5TH |
Lakeland Pilots batting - Pitching for Pompano Beach Stingrays : RHP Ricky Acevedo
|
Batting: LHB Larry Ray
|
0-0: Foul Ball, location: 2F 0-1: Ball 1-1: Ball 2-1: Swinging Strike 2-2: Strikes out swinging
|
Batting: RHB Eugeniuo Cotes
|
0-0: Ball 1-0: Swinging Strike 1-1: Swinging Strike 1-2: Foul Ball, location: 2F 1-2: Strikes out looking
|
Batting: RHB Juan Espino
|
0-0: Foul Ball, location: 2F 0-1: Ball 1-1: Swinging Strike 1-2: Ball 2-2: Foul Ball, location: 2F 2-2: Ball 3-2: Strikes out looking
|
Top of the 5th over - 0 runs, 0 hits, 0 errors, 0 left on base; Lakeland 0 - Pompano Beach 3 |
BOTTOM OF THE 5TH |
Pompano Beach Stingrays batting - Pitching for Lakeland Pilots : RHP David Morris
|
Batting: RHB Jorge Villalobos
|
0-0: Called Strike 0-1: Foul Ball, location: 2F 0-2: Strikes out swinging
|
Batting: SHB Gene Roof
|
0-0: Called Strike 0-1: Ball 1-1: Swinging Strike 1-2: Foul Ball, location: 2F 1-2: Ball 2-2: Ground out 4-3 (Groundball, 13, EV 85.6 MPH)
|
Batting: RHB Lance Junker
|
0-0: Ball 1-0: Called Strike 1-1: Swinging Strike 1-2: Strikes out swinging
|
Bottom of the 5th over - 0 runs, 0 hits, 0 errors, 0 left on base; Lakeland 0 - Pompano Beach 3 |
TOP OF THE 6TH |
Lakeland Pilots batting - Pitching for Pompano Beach Stingrays : RHP Ricky Acevedo
|
Batting: RHB Alex Sanchez
|
0-0: Foul Ball, location: 2F 0-1: Swinging Strike 0-2: Ball 1-2: Ball 2-2: Ball 3-2: Fly out, F9 (Flyball, 9LM, EV 83.1 MPH)
|
Batting: RHB Dave C Anderson
|
0-0: Ball 1-0: Ball 2-0: Swinging Strike 2-1: Fly out, F7 (Line Drive, 7, EV 93.8 MPH)
|
Batting: RHB Rusty Tillman
|
0-0: Ground out 5-3 (Groundball, 56, EV 106.9 MPH)
|
Top of the 6th over - 0 runs, 0 hits, 0 errors, 0 left on base; Lakeland 0 - Pompano Beach 3 |
BOTTOM OF THE 6TH |
Pompano Beach Stingrays batting - Pitching for Lakeland Pilots : RHP David Morris
|
Batting: RHB Mark Strucher
|
0-0: Called Strike 0-1: Ball 1-1: Fly out, F9 (Flyball, 89M, EV 88.8 MPH)
|
Batting: SHB Juan Molina
|
0-0: Ball 1-0: Foul Ball, location: 2F 1-1: Ball 2-1: Fly out, F8 (Flyball, 8LM, EV 86.3 MPH)
|
Batting: LHB Steve Phillips
|
0-0: Ball 1-0: Called Strike 1-1: Called Strike 1-2: Ball 2-2: Ball 3-2: Foul Ball, location: 2F 3-2: Fly out, F8 (Flyball, 8LD, EV 106.3 MPH)
|
Bottom of the 6th over - 0 runs, 0 hits, 0 errors, 0 left on base; Lakeland 0 - Pompano Beach 3 |
TOP OF THE 7TH |
Lakeland Pilots batting - Pitching for Pompano Beach Stingrays : RHP Ricky Acevedo
|
Batting: SHB Mike D Young
|
0-0: Ball 1-0: Ball 2-0: Ball 3-0: Fly out, F9 (Flyball, 9S, EV 80.0 MPH)
|
Batting: LHB Mike Laga
|
0-0: Ball 1-0: Called Strike 1-1: Swinging Strike 1-2: Strikes out swinging
|
Batting: LHB Randy S Johnson
|
0-0: Ball 1-0: Foul Ball, location: 2F 1-1: Ball 2-1: Foul Ball, location: 2F 2-2: Strikes out swinging
|
Top of the 7th over - 0 runs, 0 hits, 0 errors, 0 left on base; Lakeland 0 - Pompano Beach 3 |
BOTTOM OF THE 7TH |
Pompano Beach Stingrays batting - Pitching for Lakeland Pilots : RHP David Morris
|
Batting: SHB Maury Ornest
|
0-0: Ball 1-0: Ball 2-0: Ball 3-0: Called Strike 3-1: Base on Balls
|
Batting: RHB William Waag
|
0-0: Called Strike 0-1: Ball 1-1: Bunted foul 1-2: Hit by Pitch Maury Ornest to second
|
Batting: RHB Whitney Harry
|
0-0: Ball Maury Ornest steals 3rd, throwing error, E2 Maury Ornest scores William Waag to third 1-0: Ground out 6-3 (Groundball, 6, EV 87.5 MPH) William Waag scores
|
Pitching: RHP Julio Acevedo
|
|
Batting: RHB Jorge Villalobos
|
0-0: Called Strike 0-1: Ball 1-1: Ball 2-1: Foul Ball, location: 2F 2-2: Foul Ball, location: 2F 2-2: Foul Ball, location: 2F 2-2: Ground out 5-3 (Groundball, 5, EV 80.6 MPH)
|
Batting: SHB Gene Roof
|
0-0: Called Strike 0-1: Ball 1-1: Foul Ball, location: 2F 1-2: Strikes out swinging
|
Bottom of the 7th over - 2 runs, 0 hits, 1 error, 0 left on base; Lakeland 0 - Pompano Beach 5 |
TOP OF THE 8TH |
Lakeland Pilots batting - Pitching for Pompano Beach Stingrays : RHP Ricky Acevedo
|
Batting: LHB Larry Ray
|
0-0: Fly out, F8 (Flyball, 8LXD, EV 93.8 MPH)
|
Batting: RHB Eugeniuo Cotes
|
0-0: Ball 1-0: Ball 2-0: Ball 3-0: Called Strike 3-1: SINGLE (Groundball, 6MD, EV 111.9 MPH)
|
Batting: RHB Juan Espino
|
0-0: Called Strike 0-1: Ball 1-1: Swinging Strike 1-2: Ball 2-2: Fly out, F5 (Line Drive, 6, EV 73.8 MPH)
|
Batting: RHB Alex Sanchez
|
0-0: SINGLE (Flyball, 7LS, EV 85.6 MPH) Eugeniuo Cotes to second
|
Batting: RHB Dave C Anderson
|
0-0: Called Strike 0-1: Ball 1-1: Ball 2-1: Foul Ball, location: 2F 2-2: Fielders Choice at 2nd, 6-4 (Groundball, 6, EV 88.1 MPH)
|
Top of the 8th over - 0 runs, 2 hits, 0 errors, 2 left on base; Lakeland 0 - Pompano Beach 5 |
BOTTOM OF THE 8TH |
Pompano Beach Stingrays batting - Pitching for Lakeland Pilots : RHP Julio Acevedo
|
Batting: RHB Lance Junker
|
0-0: Called Strike 0-1: Ball 1-1: Ball 2-1: Ground out 6-3 (Groundball, 6M, EV 84.4 MPH)
|
Batting: RHB Mark Strucher
|
0-0: SINGLE (Flyball, 34D, EV 88.8 MPH)
|
Batting: SHB Juan Molina
|
0-0: Ball 1-0: Ball 2-0: Called Strike Balk! Mark Strucher to second 2-1: Ball 3-1: Base on Balls
|
Batting: LHB Steve Phillips
|
0-0: Fielders Choice at 2nd, 6-4 (Groundball, 6MS, EV 85.6 MPH) Mark Strucher to third
|
Batting: SHB Maury Ornest
|
0-0: Ball 1-0: Foul Ball, location: 2F 1-1: Fly out, F1 (Popup, 15, EV 84.4 MPH)
|
Bottom of the 8th over - 0 runs, 1 hit, 0 errors, 2 left on base; Lakeland 0 - Pompano Beach 5 |
TOP OF THE 9TH |
Lakeland Pilots batting - Pitching for Pompano Beach Stingrays : RHP Ricky Acevedo
|
Batting: RHB Rusty Tillman
|
0-0: Ball 1-0: SINGLE (Line Drive, 7S, EV 111.9 MPH)
|
Batting: SHB Mike D Young
|
0-0: Called Strike 0-1: Fly out, F8 (Flyball, 8RD, EV 99.4 MPH)
|
Batting: LHB Mike Laga
|
0-0: Ball 1-0: Ball 2-0: Swinging Strike 2-1: Ball 3-1: Swinging Strike 3-2: Strikes out swinging Rusty Tillman steals 2nd base Batter strikes out.
|
Batting: LHB Randy S Johnson
|
0-0: Foul Ball, location: 2F 0-1: Foul Ball, location: 2F 0-2: 2-RUN HOME RUN (Flyball, 7D, EV 106.3 MPH), Distance : 368 ft
|
Batting: LHB Larry Ray
|
0-0: Ball 1-0: Ball 2-0: Swinging Strike 2-1: Ball 3-1: Base on Balls
|
Batting: RHB Eugeniuo Cotes
|
0-0: SINGLE (Groundball, 56D, EV 100.6 MPH) Larry Ray to second
|
Pitching: RHP Don Kainer
|
|
Pinch Hitting: RHB Joseph Scherger
|
0-0: Ball 1-0: Ball 2-0: Ball 3-0: Base on Balls Larry Ray to third Eugeniuo Cotes to second
|
Pinch Hitting: RHB Victor Saenz
|
0-0: Ball 1-0: Foul Ball, location: 2F 1-1: Fly out, F9 (Flyball, 9S, EV 86.9 MPH)
|
Top of the 9th over - 2 runs, 3 hits, 0 errors, 3 left on base; Lakeland 2 - Pompano Beach 5 |
|